 Dungeon Crawl Stone Soup version 0.25-a0-388-g41a7e554cb (webtiles) character file.

Game seed: 2129755688382451483, levelgen mode: deterministic

13662 sankara the Grappler (level 11, -8/86 HPs)
             Began as a Demonspawn Gladiator on Jan 6, 2020.
             Was an Elder of Makhleb.
             Mangled by a death scarab (21 damage)
             ... in a Gauntlet on Jan 7, 2020.
             The game lasted 01:22:01 (14388 turns).

sankara the Grappler (Demonspawn Gladiator)        Turns: 14388, Time: 01:22:02

Health: -8/86      AC: 20    Str: 26    XL:     11   Next: 78%
Magic:  16/16      EV: 14    Int: 14    God:    Makhleb [****..]
Gold:   1728       SH:  0    Dex: 20    Spells: 7/10 levels left

rFire    + . .     SeeInvis .     - Unarmed
rCold    . . .     Gourm    .   (no shield)
rNeg     + . .     Faith    .   p - +4 ring mail
rPois    .         Spirit   .   a - +0 helmet
rElec    .         Reflect  .   (no cloak)
rCorr    .         Harm     .   O - +1 pair of gloves {Str+3}
MR       .....     NoTele   +   (no boots)
Stlth    +.........             J - amulet of magic regeneration
HPRegen  0.24/turn              w - ring "Byofeafurr" {Int+5 Dex+5}
MPRegen  0.40/turn              M - ring of positive energy {rN+}

@: mighty, sanguine armour, slowed, lightly drained, very slow
A: claws 2, hooves 1, fire resistance 1, spiny 1, rot immunity, sanguine armour
1
a: Minor Destruction, Lesser Servant of Makhleb, Major Destruction, Renounce
Religion


You were in a Gauntlet.
You worshipped Makhleb.
Makhleb was greatly pleased with you.
You were not hungry.

You visited 3 branches of the dungeon, and saw 13 of its levels.
You also visited: Bailey and Gauntlet.

You collected 1782 gold pieces.
You spent 54 gold pieces at shops.

Inventory:

Hand Weapons
 b - a +3 hunting sling of freezing
   (You took it off a goblin on level 3 of the Dungeon)
 c - a +0 trident
Missiles
 d - 5 throwing nets {=f, !d}
 e - 4 datura-tipped darts
 g - 24 poisoned darts (quivered)
 k - 215 stones
 l - 192 sling bullets
 D - 6 javelins
 G - 22 bolts
 H - 27 boomerangs
 N - 3 curare-tipped darts
Armour
 a - a +0 helmet (worn)
 p - a +4 ring mail (worn)
   (You took it off an orc on level 6 of the Dungeon)
 O - a +1 pair of gloves of strength (worn)
   (You found it on level 6 of the Dungeon)
Jewellery
 h - an uncursed ring of wizardry {Wiz+, !d}
   (You found it on level 1 of the Dungeon)
 w - the ring "Byofeafurr" (left hand) {Int+5 Dex+5}
   (You found it in a Gauntlet)

   [ring of dexterity]

   It affects your intelligence (+5).
   It affects your dexterity (+5).
 A - an uncursed ring of resist corrosion
   (You found it on level 3 of the Dungeon)
 F - a +2 ring of evasion
   (You found it on level 4 of the Dungeon)
 J - an amulet of magic regeneration (around neck)
   (You found it on level 5 of the Dungeon)
 M - a ring of positive energy (right hand) {rN+}
   (You found it on level 6 of the Dungeon)
Wands
 s - a wand of acid (10)
   (You found it on level 8 of the Dungeon)
 v - a wand of flame (17)
   (You found it on level 4 of the Dungeon)
 y - a wand of scattershot (6)
   (You found it on level 8 of the Dungeon)
Scrolls
 i - 9 scrolls of teleportation
 j - a scroll of summoning
 n - 3 scrolls of remove curse
 q - 2 scrolls of blinking {!r}
 u - 2 scrolls of fog
 L - 2 scrolls of magic mapping {unknown}
 P - a scroll of fear
 R - 2 scrolls of enchant weapon
 S - a scroll of random uselessness {unknown}
Potions
 m - 2 potions of flight
 o - 4 potions of brilliance
 r - 5 potions of heal wounds
 t - a potion of ambrosia {unknown}
 z - 3 potions of curing
 K - a potion of magic {unknown}
 Q - a potion of invisibility
 T - a potion of mutation {!q}
 W - a potion of haste {unknown}
Miscellaneous
 x - a box of beasts
Comestibles
 f - 23 rations


   Skills:
 + Level 8.3(8.1) Fighting
 - Level 3.1(2.9) Polearms
 - Level 3.4(3.2) Throwing
 + Level 8.4(8.2) Armour
 - Level 4.0(3.9) Dodging
 * Level 11.7(11.5) Unarmed Combat
 - Level 7.0(6.8) Invocations


You had 7 spell levels left.
You knew the following spells:

 Your Spells              Type           Power        Failure   Level  Hunger
a - Animate Skeleton      Necr           N/A          38%         1    ##.....
b - Apportation           Tloc           #.....       38%         1    ##.....
c - Confusing Touch       Hex            #.....       38%         1    ##.....

Your spell library contained the following spells:

 Spells                   Type           Power        Failure   Level  Hunger
 Freeze                   Ice            #...         38%         1    ##.....
 Summon Small Mammal      Summ           #...         38%         1    ##.....
 Ozocubu's Armour         Chrm/Ice       #.......     77%         3    ####...
 Hailstorm                Conj/Ice       #.......     99%         4    #####..
 Summon Ice Beast         Ice/Summ       #.......     99%         4    #####..


Dungeon Overview and Level Annotations

Branches:
Dungeon (11/15)            Temple (1/1) D:7            Lair (1/6) D:10
    Orc (0/2) D:10         Bailey (visited)         Gauntlet (1/1)

Altars:
Ashenzari
Cheibriados
Dithmenos
Elyvilon
Fedhas
Gozag
Hepliaklqana
Kikubaaqudgha
Makhleb
Nemelex Xobeh
Okawaru
Qazlal
Ru
Sif Muna
Trog
Uskayaw
Vehumet
Wu Jian
Xom
Yredelemnul
Zin
The Shining One
Beogh

Shops:
D:9 ?

Annotations:
D:3 1 runed translucent door, Crazy Yiuf Gauntlet 21 runed translucent doors, 9 transporters


Innate Abilities, Weirdness & Mutations

You have very sharp fingernails.
You are partially covered in sharp spines.
You are immune to rotting.
When seriously injured, your bleeding wounds create armour. (AC +6)
You have large cloven feet.
Your flesh is heat resistant. (rF+)


Message History

A demon appears!
The death scarab barely misses you.
The death scarab is struck by your spines.
The death scarab closely misses you.
The death scarab is struck by your spines.
The death scarab closely misses you.
Your orange demon stings the spectral death yak but does no damage.
The spectral death yak gores you!
Your blood congeals into armour.
You partially resist.
You feel drained.
You pummel the spectral eight-headed hydra!!
You kick the spectral eight-headed hydra!
The spectral eight-headed hydra is heavily damaged.
The death scarab closely misses you.
The death scarab barely misses your smoke demon.
The spectral eight-headed hydra bites you.
You partially resist.
You feel drained.
The spectral eight-headed hydra completely misses you. x2
The spectral eight-headed hydra closely misses you. x2
The spectral eight-headed hydra bites you.
The spectral eight-headed hydra closely misses you.
The spectral eight-headed hydra barely misses you.
The death scarab bites your smoke demon!
Your orange demon stings the spectral death yak but does no damage.
The spectral death yak gores you.
You hit the spectral eight-headed hydra.
You kick the spectral eight-headed hydra.
The spectral eight-headed hydra is heavily damaged.
The death scarab bites your smoke demon!!
The death scarab drains your smoke demon's vigour!
Your smoke demon seems to slow down.
The death scarab bites your smoke demon!
Your smoke demon dies!
Your orange demon stings the spectral eight-headed hydra!
Your orange demon hits the spectral eight-headed hydra.
The spectral eight-headed hydra looks weaker.
The spectral eight-headed hydra bites you but does no damage. x3
The spectral eight-headed hydra closely misses you.
The spectral eight-headed hydra bites you.
The spectral eight-headed hydra bites you but does no damage.
The spectral eight-headed hydra bites you.
The spectral eight-headed hydra misses you.
Your orange demon stings the spectral death yak from afar.
You pummel the spectral eight-headed hydra!!
You kick the spectral eight-headed hydra.
You destroy the spectral eight-headed hydra!
Makhleb accepts your kill.
You feel better.
Your life force feels restored.
The death scarab completely misses you.
The spectral death yak completely misses you.
The spectral four-headed hydra bites your orange demon!
The spectral four-headed hydra bites your orange demon.
The spectral four-headed hydra bites your orange demon!
Your orange demon dies!
You barely miss the death scarab. You kick the death scarab!
The death scarab is moderately damaged.
The death scarab completely misses you.
The death scarab bites you but does no damage.
The death scarab bites you!
The death scarab draws strength from your injuries!
The spectral death yak closely misses you.
The death scarab is struck by your spines.
The death scarab bites you but does no damage.
The spectral torpor snail bites you!
Your orange demon stings the spectral four-headed hydra!
Your orange demon hits the spectral four-headed hydra but does no damage.
You hit the death scarab. Your kick misses the death scarab.
You punch the death scarab!
The death scarab is severely damaged.
The death scarab bites you!
* * * LOW HITPOINT WARNING * * *
The death scarab drains your vigour!
You feel yourself slow down.
The death scarab draws strength from your injuries!
The death scarab bites you but does no damage.
The spectral death yak completely misses you.
You feel much better.
The death scarab bites you but does no damage.
The death scarab is struck by your spines.
The death scarab bites you!!
* * * LOW HITPOINT WARNING * * *
The death scarab draws strength from your injuries!
The spectral four-headed hydra bites you but does no damage.
The spectral four-headed hydra bites you.
* * * LOW HITPOINT WARNING * * *
You partially resist.
You feel drained.
The spectral four-headed hydra bites you but does no damage. x2
Your orange demon stings the spectral four-headed hydra.
Your orange demon hits the spectral four-headed hydra.
The spectral four-headed hydra looks weaker.
The death scarab bites you but does no damage.
The spectral torpor snail bites you but does no damage.
The spectral death yak completely misses you.
The spectral four-headed hydra is struck by your spines.
The spectral four-headed hydra bites you.
* * * LOW HITPOINT WARNING * * *
The spectral four-headed hydra bites you but does no damage.
The spectral four-headed hydra barely misses you.
The spectral four-headed hydra bites you but does no damage.
The death scarab is struck by your spines.
The death scarab bites you!!
You die...

#########################
#≈§......................
#§.......................
###..###########...########
#8#..#.........#.8.#.......
###..#......P..#...#..##.##
#####..#=.#...#..#####.##...#
#≈8≈#..#!..Zss...#...#.#.....
##...#..#©..4@Z...#©.©#©...©††
...8.#..#?..P.Z...#...#.#.....
##...#..#}.#...#..#####.##...#
...8.#..#.........#...#..##.##
.#...#..#.........#...#.......
#...#..###########...########
#.©.#≈...........§.≈.........
#...#∩............≈8≈........
#.©.#≈.............≈.........


You could see a spectral four-headed hydra, a spectral death yak, a spectral
torpor snail, 2 death scarabs and a friendly orange demon.

Vanquished Creatures
  3 two-headed ogres
  A skeletal warrior (D:10)
  A spectral hydra (Gauntlet)
  Pikel (D:7)
  2 orc knights (Bailey)
  A cyclops (D:11)
  A deep elf mage (D:10)
  Joseph (Lair:1)
  2 gargoyles
  Prince Ribbit (D:7)
  A hippogriff (D:8)
  A tarantella (shapeshifter) (Gauntlet)
  A wyvern (D:8)
  4 yaks (Lair:1)
  A basilisk (shapeshifter) (Gauntlet)
  An acid dragon (D:10)
  2 porcupines (Lair:1)
  8 orc warriors
  3 sky beasts
  A slave (D:7)
  4 ice beasts
  A phantom (D:4)
  A black bear (D:7)
  4 ogres
  2 necrophages
  5 wolves (Lair:1)
  4 centaurs
  A crocodile (Lair:1)
  A big kobold (D:10)
  7 bullfrogs
  A wyvern skeleton (D:10)
  2 jellies
  2 scorpions
  A water moccasin skeleton (D:7)
  A howler monkey (D:5)
  A centaur zombie (D:9)
  4 crimson imps
  8 hounds
  4 bullfrog skeletons
  6 orc priests
  2 centaur skeletons
  Terence (D:2)
  An iguana (D:8)
  6 orc wizards
  11 worker ants
  A hound skeleton (D:10)
  4 gnolls (D:10)
  15 adders
  3 shadow imps
  2 adder skeletons
  An adder zombie (D:7)
  7 worms
  2 dart slugs
  7 leopard geckos
  39 orcs
  2 ball pythons
  6 giant cockroaches
  11 goblins
  5 hobgoblins
  6 jackals
  4 quokkas
  10 bats
  4 frilled lizards
  27 kobolds
  A leopard gecko skeleton (D:8)
  2 leopard gecko zombies (D:8)
  A quokka skeleton (D:8)
  19 rats
297 creatures vanquished.

Vanquished Creatures (collateral kills)
  A fire giant (shapeshifter) (Gauntlet)
  A goblin (Bailey)
2 creatures vanquished.

Vanquished Creatures (others)
  2 crimson imps (D:7)
  A howler monkey skeleton (D:7)
  22 withered plants (Gauntlet)
25 creatures vanquished.

Grand Total: 324 creatures vanquished

Notes
Turn   | Place    | Note
-------+----------+-------------------------------------------
     0 | D:1      | sankara the Demonspawn Gladiator began the quest for the
                  | Orb.
     0 | D:1      | Reached XP level 1. HP: 16/16 MP: 1/1
    32 | D:1      | Reached skill level 3 in Polearms
   165 | D:1      | Gained mutation: You have sharp fingernails. [demonic
                  | ancestry]
   165 | D:1      | Reached XP level 2. HP: 22/22 MP: 2/2
   232 | D:1      | Reached skill level 3 in Dodging
   608 | D:2      | Reached skill level 1 in Unarmed Combat
   636 | D:1      | HP: 4/22 [leopard gecko (3)]
  1253 | D:2      | Reached XP level 3. HP: 20/27 MP: 3/3
  1266 | D:1      | Upgraded the game from 0.25-a0-366-g516bc45ae0 to
                  | 0.25-a0-388-g41a7e554cb
  1439 | D:2      | HP: 6/27 [leopard gecko (2)]
  1677 | D:2      | You fall into a shaft and drop 2 floors!
  1999 | D:3      | HP: 6/27 [worm (11)]
  2364 | D:3      | Reached XP level 4. HP: 15/33 MP: 4/4
  2591 | D:3      | Reached skill level 2 in Unarmed Combat
  2918 | D:2      | Found a hide-covered altar of Uskayaw.
  2924 | D:2      | Noticed Terence
  2966 | D:2      | Killed Terence
  2966 | D:2      | Reached skill level 4 in Dodging
  3241 | D:2      | Gained mutation: When seriously injured, your bleeding
                  | wounds create armour. (AC +6) [demonic ancestry]
  3241 | D:2      | Reached XP level 5. HP: 35/38 MP: 5/5
  3298 | D:2      | Found an ancient bone altar of Kikubaaqudgha.
  3298 | D:2      | Found a burning altar of Makhleb.
  3442 | D:2      | Found a faded altar of an unknown god.
  3444 | D:2      | Found a faded altar of an unknown god.
  3446 | D:2      | Found a stormy altar of Qazlal.
  3532 | D:2      | Became a worshipper of Makhleb the Destroyer
  3850 | D:3      | Reached skill level 1 in Armour
  4086 | D:3      | Found a runed translucent door.
  4087 | D:3      | Noticed Crazy Yiuf
  4389 | D:3      | Found an opulent altar of Gozag.
  4712 | D:4      | Noticed a phantom
  4959 | D:4      | Reached skill level 3 in Unarmed Combat
  5032 | D:4      | Killed a phantom
  5032 | D:4      | Reached skill level 2 in Armour
  5032 | D:4      | Gained mutation: You are partially covered in sharp spines.
                  | [demonic ancestry]
  5032 | D:4      | Reached XP level 6. HP: 41/44 MP: 6/6
  5098 | D:4      | Got an iridescent hunting sling
  5299 | D:4      | Identified the cursed +1 hunting sling "Wirr" {speed, Str+3
                  | Dex+4} (You found it on level 4 of the Dungeon)
  5418 | D:4      | Reached * piety under Makhleb
  5501 | D:5      | Entered Level 5 of the Dungeon
  5506 | D:5      | Reached skill level 4 in Unarmed Combat
  5512 | D:5      | Reached skill level 2 in Throwing
  5914 | D:5      | Got an ominously black robe
  5921 | D:5      | Reached XP level 7. HP: 50/50 MP: 7/7
  5944 | D:5      | Reached skill level 3 in Armour
  6161 | D:5      | Reached skill level 5 in Unarmed Combat
  6309 | D:5      | Reached skill level 3 in Throwing
  6634 | D:6      | Identified the +1 robe of Jeamnuf {rCorr Str+2} (You found
                  | it on level 5 of the Dungeon)
  6872 | D:6      | Reached XP level 8. HP: 46/56 MP: 8/8
  7027 | D:6      | Reached skill level 4 in Armour
  7078 | D:6      | Reached skill level 6 in Unarmed Combat
  7232 | D:6      | Reached ** piety under Makhleb
  7285 | D:6      | Reached skill level 3 in Fighting
  7524 | D:6      | Reached skill level 1 in Invocations
  7576 | D:7      | Noticed Pikel
  7606 | D:7      | Killed Pikel
  7606 | D:7      | Reached skill level 7 in Unarmed Combat
  7606 | D:7      | Reached skill level 3 in Invocations
  7746 | D:7      | Noticed Prince Ribbit
  7756 | D:7      | Killed Prince Ribbit
  7756 | D:7      | Reached skill level 4 in Fighting
  7756 | D:7      | Reached skill level 5 in Armour
  7756 | D:7      | Gained mutation: You are immune to rotting. [demonic
                  | ancestry]
  7756 | D:7      | Reached XP level 9. HP: 50/65 MP: 11/11
  8136 | D:7      | Found a staircase to the Ecumenical Temple.
  8145 | Temple   | Entered the Ecumenical Temple
  8216 | D:7      | Reached skill level 4 in Invocations
  8618 | D:8      | Reached skill level 8 in Unarmed Combat
  8728 | D:8      | Reached skill level 5 in Invocations
  8866 | D:8      | Reached skill level 5 in Fighting
  9063 | D:8      | Found a flagged portal.
  9074 | Bailey   | Entered a bailey
  9094 | Bailey   | Reached *** piety under Makhleb
  9136 | Bailey   | Noticed an orc knight
  9162 | Bailey   | Killed an orc knight
  9162 | Bailey   | Reached skill level 6 in Armour
  9162 | Bailey   | Gained mutation: You have very sharp fingernails. [demonic
                  | ancestry]
  9162 | Bailey   | Reached XP level 10. HP: 24/74 MP: 13/13
  9415 | Bailey   | Noticed an orc knight
  9450 | Bailey   | HP: 18/74 [orc knight/+0 war axe (11)]
  9458 | Bailey   | Killed an orc knight
  9458 | Bailey   | Reached skill level 9 in Unarmed Combat
  9670 | Bailey   | Found a bloodstained altar of Trog.
 10430 | D:9      | Found a basalt altar of Yredelemnul.
 10695 | D:9      | Found a shattered altar of Ashenzari.
 10757 | D:9      | Found a shimmering altar of Xom.
 10887 | D:9      | Noticed a two-headed ogre
 10899 | D:9      | Killed a two-headed ogre
 10899 | D:9      | Reached skill level 6 in Fighting
 11255 | D:9      | Found a radiant altar of Vehumet.
 11295 | D:9      | Reached skill level 6 in Invocations
 11299 | D:9      | Found Saowaa's Magic Scroll Shoppe.
 11315 | D:9      | Bought a scroll of noise for 12 gold pieces
 11315 | D:9      | Bought a scroll of immolation for 42 gold pieces
 11354 | D:10     | Entered Level 10 of the Dungeon
 11380 | D:10     | Noticed a two-headed ogre
 11390 | D:10     | Killed a two-headed ogre
 11417 | D:10     | Found a staircase to the Lair.
 11465 | D:10     | Reached skill level 10 in Unarmed Combat
 11486 | D:10     | Reached skill level 7 in Armour
 11507 | D:10     | Noticed a deep elf mage
 11524 | D:10     | Killed a deep elf mage
 11641 | D:10     | Found a roughly hewn altar of Beogh.
 12038 | D:10     | Reached **** piety under Makhleb
 12063 | D:10     | Noticed a gargoyle
 12076 | D:10     | Killed a gargoyle
 12266 | D:10     | Reached skill level 7 in Invocations
 12266 | D:10     | Reached XP level 11. HP: 83/83 MP: 16/16
 12428 | D:10     | Found a staircase to the Orcish Mines.
 12527 | D:10     | Reached skill level 7 in Fighting
 12968 | D:11     | Noticed a two-headed ogre
 13049 | D:10     | Killed a two-headed ogre
 13370 | D:11     | Noticed a death knight
 13370 | D:11     | Noticed a skeletal warrior
 13374 | D:11     | Noticed a death knight
 13412 | D:10     | Killed a skeletal warrior
 13617 | Lair:1   | Entered Level 1 of the Lair of Beasts
 13722 | Lair:1   | Reached skill level 11 in Unarmed Combat
 13913 | Lair:1   | Noticed Joseph
 13927 | Lair:1   | Killed Joseph
 13927 | Lair:1   | Reached skill level 8 in Armour
 13980 | Lair:1   | Learned a level 1 spell: Animate Skeleton
 13982 | Lair:1   | Learned a level 1 spell: Apportation
 13984 | Lair:1   | Learned a level 1 spell: Confusing Touch
 14021 | Lair:1   | Found a gate leading to a gauntlet.
 14040 | Gauntlet | Entered a Gauntlet
 14040 | Gauntlet | Found a large runed translucent door.
 14040 | Gauntlet | Found a large runed translucent door.
 14040 | Gauntlet | Found a large runed translucent door.
 14040 | Gauntlet | Found a large runed translucent door.
 14040 | Gauntlet | Found a large runed translucent door.
 14040 | Gauntlet | Found a large runed translucent door.
 14040 | Gauntlet | Found a large runed translucent door.
 14040 | Gauntlet | Found a large runed translucent door.
 14040 | Gauntlet | Found a runed translucent door.
 14040 | Gauntlet | Found a runed translucent gate.
 14040 | Gauntlet | Found a transporter.
 14040 | Gauntlet | Found a transporter.
 14040 | Gauntlet | Found a runed translucent gate.
 14040 | Gauntlet | Found a transporter.
 14040 | Gauntlet | Noticed a sixfirhy
 14041 | Gauntlet | Found a runed translucent door.
 14041 | Gauntlet | Found a runed translucent gate.
 14042 | Gauntlet | Noticed a harpy
 14042 | Gauntlet | a shapeshifter changed into a harpy
 14049 | Gauntlet | Found a large runed translucent door.
 14049 | Gauntlet | Found a large runed translucent door.
 14052 | Gauntlet | Noticed a death scarab
 14053 | Gauntlet | Noticed a death scarab
 14053 | Gauntlet | Noticed a lindwurm
 14053 | Gauntlet | a water nymph changed into a lindwurm
 14054 | Gauntlet | Found a transporter.
 14054 | Gauntlet | Noticed a death scarab
 14069 | Gauntlet | Found a transporter.
 14073 | Gauntlet | Found a transporter.
 14095 | Gauntlet | Found a transporter.
 14099 | Gauntlet | Noticed a tengu warrior
 14101 | Gauntlet | Found a transporter.
 14119 | Gauntlet | Found a transporter.
 14123 | Gauntlet | Found a large runed translucent door.
 14124 | Gauntlet | Found a large runed translucent door.
 14125 | Gauntlet | Found a large runed translucent door.
 14125 | Gauntlet | Found a large runed translucent door.
 14126 | Gauntlet | Found a large runed translucent door.
 14126 | Gauntlet | Found a large runed translucent door.
 14155 | Gauntlet | Noticed a death drake
 14155 | Gauntlet | a jumping spider changed into a death drake
 14158 | Gauntlet | Found a transporter.
 14158 | Gauntlet | Noticed a shining eye
 14158 | Gauntlet | a death drake changed into a shining eye
 14162 | Gauntlet | Found a transporter.
 14163 | Gauntlet | Noticed a wolf spider
 14163 | Gauntlet | a shining eye changed into a wolf spider
 14167 | Gauntlet | a wolf spider changed into a faun
 14169 | Gauntlet | Noticed a mana viper
 14169 | Gauntlet | a merfolk changed into a mana viper
 14170 | Gauntlet | Noticed an orb spider
 14170 | Gauntlet | a queen bee changed into an orb spider
 14173 | Gauntlet | Found a transporter.
 14250 | Gauntlet | Noticed a lindwurm
 14250 | Gauntlet | a wind drake changed into a lindwurm
 14251 | Gauntlet | a lindwurm changed into a faun
 14254 | Gauntlet | Noticed a shining eye
 14254 | Gauntlet | a faun changed into a shining eye
 14256 | Gauntlet | a shining eye changed into a slime creature
 14259 | Gauntlet | Noticed a two-headed ogre
 14259 | Gauntlet | a slime creature changed into a two-headed ogre
 14322 | Gauntlet | Noticed an azure jelly
 14323 | Gauntlet | Noticed a dire elephant
 14323 | Gauntlet | an azure jelly changed into a dire elephant
 14325 | Gauntlet | Noticed a frost giant
 14325 | Gauntlet | Noticed an azure jelly
 14325 | Gauntlet | a frost giant changed into an azure jelly
 14328 | Gauntlet | Noticed a stone giant
 14328 | Gauntlet | an azure jelly changed into a stone giant
 14329 | Gauntlet | Noticed a storm dragon
 14329 | Gauntlet | a stone giant changed into a storm dragon
 14332 | Gauntlet | Noticed a satyr
 14332 | Gauntlet | a storm dragon changed into a satyr
 14334 | Gauntlet | Gained mutation: Your flesh is heat resistant. (rF+)
                  | [potion of mutation]
 14334 | Gauntlet | Gained mutation: Armour fits poorly on your strangely
                  | shaped body. [potion of mutation]
 14334 | Gauntlet | Lost mutation: Armour fits poorly on your strangely shaped
                  | body. [potion of mutation]
 14334 | Gauntlet | Gained mutation: You have large cloven feet. [potion of
                  | mutation]
 14338 | Gauntlet | Noticed an entropy weaver
 14338 | Gauntlet | a satyr changed into an entropy weaver
 14342 | Gauntlet | Noticed a minotaur
 14342 | Gauntlet | an entropy weaver changed into a minotaur
 14342 | Gauntlet | Reached skill level 8 in Fighting
 14345 | Gauntlet | Noticed a fire giant
 14345 | Gauntlet | a minotaur changed into a fire giant
 14347 | Gauntlet | Killed a fire giant
 14366 | Gauntlet | Got a shimmering glass ring
 14376 | Gauntlet | Identified the ring "Byofeafurr" {Int+5 Dex+5} (You found
                  | it in a Gauntlet)
 14387 | Gauntlet | HP: 18/86 [death scarab (17)]
 14388 | Gauntlet | Mangled by a death scarab

Levels and vault maps discovered:
D:1:      dpeg_arrival_long_road, layout_basic
D:2:      layout_rooms, chequers_temple_overflow_minitemple,
          lemuel_crystal_altar, first_ration, minmay_rat_gold_closets,
          uniq_terence
D:3:      layout_loops_ring, lemuel_doored_altar, serial_bayou_pond_d,
          solitary_fountain, minmay_misc_feat_tower, hangedman_decor_push,
          uniq_crazy_yiuf_cottage
D:4:      layout_cave_pools
D:5:      layout_rooms
D:6:      layout_gridville
D:7:      layout_loops_ring, minmay_temple_entry_drinking_statues,
          grunt_ogre_cave, uniq_pikel, uniq_prince_ribbit1
D:8:      layout_gridville, enter_bailey_3, chequers_decorated_corner,
          chequers_serial_rivers_small_3
D:9:      layout_roguey, yredelemnul_altar_generic, overflow_temple_1_default,
          tgw_xom, old_standard_altar, serial_shops, shop
D:10:     layout_basic, lair_entry_dummy, david_orc_5
D:11:     cheibrodos_tormentor_scu, layout_cave_pools,
          minmay_misc_feat_nine_boxes, uniq_urug
Temple:   nicolae_temple_god_jail
Lair:1:   layout_regular_city, gauntlet_entry_generic, grunt_megastairs_5,
          uniq_joseph
Gauntlet: gammafunk_gauntlet_shortcut [gammafunk_gauntlet_arena_split_diamond,
          gammafunk_gauntlet_arena_hedges,
          minmay_gauntlet_arena_make_your_own_arena,
          nicolae_gauntlet_arena_t_cross, gammafunk_gauntlet_arena_spirals,
          nicolae_gauntlet_arena_x, nicolae_gauntlet_exit_dead_adventurers]

Skill      XL: |  1  2  3  4  5  6  7  8  9 10 11 |
---------------+----------------------------------+-----
Polearms       | 3 |  3.1
Dodging        | 3 4 |  4.0
Unarmed Combat | 1 2 3 4 5 7 8 10 11 | 11.7
Armour         | 2 3 5 6 7 8 |  8.4
Throwing       | 2 3 |  3.4
Fighting       | 4 5 6 8 |  8.3
Invocations    | 3 5 7 |  7.0

Action                   |  1- 3 |  4- 6 |  7- 9 | 10-12 || total
-------------------------+-------+-------+-------+-------++-------
Melee: Trident           |   153 |   188 |       |       ||   341
       Punch             |       |     2 |     5 |    17 ||    24
       Unarmed           |       |    22 |   186 |   234 ||   442
       Kick              |       |       |       |     6 ||     6
 Fire: Hunting sling     |       |    36 |   169 |   227 ||   432
Throw: Dart              |     8 |    23 |    19 |     7 ||    57
Invok: Lesser Servant of |       |       |       |     5 ||     5
       Minor Destruction |       |       |       |     3 ||     3
Evoke: Wand              |       |       |     5 |     3 ||     8
  Use: Potion            |     2 |       |     1 |     3 ||     6
       Scroll            |       |     4 |     7 |     3 ||    14
 Stab: Sleeping          |       |     5 |       |       ||     5
       Distracted        |       |     1 |       |       ||     1
  Eat: Chunk             |     4 |    12 |    10 |    16 ||    42
Armor: Leather armour    |    35 |    21 |       |       ||    56
       Skin              |     8 |       |       |       ||     8
       Scale mail        |       |    48 |    79 |       ||   127
       Plate armour      |       |       |       |    33 ||    33
       Ring mail         |       |       |       |    58 ||    58
Dodge: Dodged            |   106 |   131 |   131 |   155 ||   523

Table legend:
 A = Non-vault XP
 B = Vault XP
 C = Vault XP percentage of total XP
 D = Non-vault monster count
 E = Vault monster count
 F = Vault count percentage of total count
                 A         B        C        D         E       F
            +---------+---------+-------+---------+---------+-------
      Total |   11871 |    7647 |  39.2 |     225 |      73 |  24.5
            +---------+---------+-------+---------+---------+-------
        D:1 |      38 |       0 |   0.0 |      22 |       0 |   0.0
        D:2 |      78 |      44 |  36.1 |      26 |       9 |  25.7
        D:3 |      94 |       0 |   0.0 |      28 |       0 |   0.0
        D:4 |     296 |       0 |   0.0 |       9 |       0 |   0.0
        D:5 |     699 |       0 |   0.0 |      23 |       0 |   0.0
        D:6 |     888 |       0 |   0.0 |      20 |       0 |   0.0
        D:7 |     698 |    1043 |  59.9 |      13 |       3 |  18.8
        D:8 |    1312 |       6 |   0.5 |      23 |       4 |  14.8
        D:9 |    1644 |     147 |   8.2 |      13 |       7 |  35.0
       D:10 |    3850 |    1553 |  28.7 |      35 |      22 |  38.6
       D:11 |    1041 |       0 |   0.0 |       5 |       0 |   0.0
     Lair:1 |    1233 |    1288 |  51.1 |       8 |       8 |  50.0
     Bailey |       0 |    1389 | 100.0 |       0 |      16 | 100.0
   Gauntlet |       0 |    2177 | 100.0 |       0 |       4 | 100.0
            +---------+---------+-------+---------+---------+-------

Levels and vault maps discovered:
D:1:      dpeg_arrival_long_road, layout_basic
D:2:      layout_rooms, chequers_temple_overflow_minitemple,
          lemuel_crystal_altar, first_ration, minmay_rat_gold_closets,
          uniq_terence
D:3:      layout_loops_ring, lemuel_doored_altar, serial_bayou_pond_d,
          solitary_fountain, minmay_misc_feat_tower, hangedman_decor_push,
          uniq_crazy_yiuf_cottage
D:4:      layout_cave_pools
D:5:      layout_rooms
D:6:      layout_gridville
D:7:      layout_loops_ring, minmay_temple_entry_drinking_statues,
          grunt_ogre_cave, uniq_pikel, uniq_prince_ribbit1
D:8:      layout_gridville, enter_bailey_3, chequers_decorated_corner,
          chequers_serial_rivers_small_3
D:9:      layout_roguey, yredelemnul_altar_generic, overflow_temple_1_default,
          tgw_xom, old_standard_altar, serial_shops, shop
D:10:     layout_basic, lair_entry_dummy, david_orc_5
D:11:     cheibrodos_tormentor_scu, layout_cave_pools,
          minmay_misc_feat_nine_boxes, uniq_urug
Temple:   nicolae_temple_god_jail
Lair:1:   layout_regular_city, gauntlet_entry_generic, grunt_megastairs_5,
          uniq_joseph
Gauntlet: gammafunk_gauntlet_shortcut [gammafunk_gauntlet_arena_split_diamond,
          gammafunk_gauntlet_arena_hedges,
          minmay_gauntlet_arena_make_your_own_arena,
          nicolae_gauntlet_arena_t_cross, gammafunk_gauntlet_arena_spirals,
          nicolae_gauntlet_arena_x, nicolae_gauntlet_exit_dead_adventurers]

Table legend:
 A = Turns spent in this place as a percentage of turns spent in the entire game.
 B = Non-inter-level travel turns spent in this place as a percentage of non-inter-level travel turns spent in the entire game.
 C = Inter-level travel turns spent in this place as a percentage of turns spent in this place.
 D = Turns resting spent in this place as a percentage of non-inter-level travel turns spent in this place.
 E = Turns spent auto-exploring this place as a percentage of non-inter-level travel turns spent in this place.
 F = Non-inter-level travel turns spent in this place divided by the number of levels of this place that you've seen.
                   A       B       C       D       E      F
               +-------+-------+-------+-------+-------+----------------------
         Total | 100.0 | 100.0 |   5.4 |  31.6 |  38.9 | 907.5
       Dungeon |  89.5 |  89.0 |   5.9 |  32.4 |  40.6 | 1101.8
        Temple |   0.3 |   0.3 |  25.0 |   0.0 |  94.4 |  36.0
          Lair |   2.9 |   3.1 |   0.2 |   0.0 |  30.1 | 422.0
        Bailey |   4.8 |   5.0 |   0.0 |  55.2 |   9.2 | 686.0
      Gauntlet |   2.4 |   2.6 |   0.0 |   0.0 |  44.3 | 348.0
               +-------+-------+-------+-------+-------+----------------------

Table legend:
 A = Kills in this place as a percentage of kills in entire the game.
 B = Kills by you in this place as a percentage of kills by you in the entire game.
 C = Kills by friends in this place as a percentage of kills by friends in the entire game.
 D = Other kills in this place as a percentage of other kills in the entire game.
 E = Experience gained in this place as a percentage of experience gained in the entire game.
 F = Experience gained in this place divided by the number of levels of this place that you have seen.
                   A       B       C       D       E      F
               +-------+-------+-------+-------+-------+----------------------
         Total | 100.0 | 100.0 | 100.0 |   N/A | 100.0 | 1301.2
       Dungeon |  87.9 |  88.5 |   0.0 |   N/A |  68.8 | 1221.0
          Lair |   5.4 |   5.4 |   0.0 |   N/A |  12.9 | 2521.0
        Bailey |   5.4 |   5.1 |  50.0 |   N/A |   7.1 | 1389.0
      Gauntlet |   1.3 |   1.0 |  50.0 |   N/A |  11.2 | 2177.0
               +-------+-------+-------+-------+-------+----------------------
